 Dungeon Crawl Stone Soup version 0.29.1-1-gd02db6906a (webtiles) character file.

Game seed: 7757316877758475866

18 zeram the Sneak (level 2, -5/14 HPs)
             Began as a Spriggan Brigand on Oct 10, 2022.
             Slain by Natasha (8 damage)
             ... on level 2 of the Dungeon.
             The game lasted 00:01:06 (649 turns).

zeram the Sneak (Spriggan Brigand)                   Turns: 649, Time: 00:01:07

Health: -5/14      AC:  3    Str:  7    XL:     2   Next: 48%
Magic:  3/3        EV: 16    Int: 12    God:
Gold:   37         SH:  0    Dex: 16    Spells: 1/1 levels left

rFire   . . .      SeeInvis +   a - +2 dagger
rCold   . . .      Faith    .   (no shield)
rNeg    . . .      Spirit   .   b - +0 robe
rPois   .          Reflect  .   (helmet restricted)
rElec   .          Harm     .   c - +0 cloak
rCorr   .          Rampage  .   (gloves unavailable)
Will    .....                   (boots unavailable)
Stlth   +++.......              (no amulet)
HPRegen 0.04/turn               (no ring)
MPRegen 0.08/turn               (no ring)

@: very quick
A: very small, no large weapons, unfitting armour, see invisible, speed 3
a: no special abilities


You were on level 2 of the Dungeon.
You visited 1 branch of the dungeon, and saw 2 of its levels.

You collected 37 gold pieces.

Inventory:

Hand Weapons
 a - a +2 dagger (weapon)
Missiles
 d - 12 poisoned darts (quivered)
 e - 3 curare-tipped darts
Armour
 b - a +0 robe (worn)
 c - a +0 cloak (worn)
Scrolls
 i - a scroll of noise {unknown}
 j - a scroll of enchant weapon {unknown}
Potions
 f - a potion of attraction {unknown}
 g - a potion of curing {unknown}
 h - 2 potions of might {unknown}
 k - a potion of flight {unknown}


   Skills:
 - Level 1.5 Fighting
 + Level 2.4 Short Blades
 - Level 2.0 Throwing
 + Level 1.5 Dodging
 + Level 6.8 Stealth


You had one spell level left.
You didn't know any spells.
Your spell library was empty.

Dungeon Overview and Level Annotations

Branches:
Dungeon (2/15)

Altars:

Annotations:
D:2 Natasha


Innate Abilities, Weirdness & Mutations

You are very small and have problems with some larger weapons.
You are too small for most types of armour.
You have supernaturally acute eyesight. (SInv)
You cover ground extremely quickly. (Speed+++)


Message History

Natasha, Servant of Life and Death comes into view.
She is carrying a wand of flame (29).
Natasha is nearby!
Natasha is nearby!
Natasha hisses angrily.
Natasha growls.
Natasha zaps a wand.
The puff of flame hits you!
Ouch! That really hurt!
You are too injured to fight recklessly!
You are too injured to fight recklessly!
You are too injured to fight recklessly!
You barely miss Natasha.
Natasha stares at you and mumbles some strange words.
The magic dart hits you.
You miss Natasha.
Natasha zaps a wand.
The puff of flame misses you.
You hit Natasha.
Natasha is lightly wounded.
Natasha zaps a wand.
The puff of flame misses you.
You closely miss Natasha.
Natasha is lightly wounded.
Natasha closely misses you.
You closely miss Natasha.
Natasha is lightly wounded.
You barely miss Natasha.
Natasha is lightly wounded.
Natasha zaps a wand.
The puff of flame hits you.
* * * LOW HITPOINT WARNING * * *
You hit Natasha.
Natasha is moderately wounded.
Natasha completely misses you.
You completely miss Natasha.
Natasha is moderately wounded.
Natasha casts a spell.
You hit Natasha.
Natasha is moderately wounded.
Natasha casts a spell.
You hit Natasha but do no damage.
Natasha is moderately wounded.
Natasha claws you!
Ouch! That really hurt!
You die...

###############
......#.......#
#...........#
#.#.........#
#....)......#
###....####.#
#<.....####.# ###
#.#).#.......5###.....
#.............@h5.....
###.#.#.#########.....
#.....# .## #.#...#
#.....# #.#...#
#.....# #. #.##


You could see an iron imp (summoned), Natasha and a crimson imp (summoned).

Vanquished Creatures
  3 ball pythons (D:1)
  A bat (D:1)
  2 endoplasms (D:1)
  2 giant cockroaches (D:1)
  2 goblins
  2 hobgoblins (D:1)
  2 frilled lizards (D:1)
  2 kobolds (D:1)
16 creatures vanquished.

Notes
Turn   | Place    | Note
-------+----------+-------------------------------------------
     0 | D:1      | zeram the Spriggan Brigand began the quest for the Orb.
     0 | D:1      | Reached XP level 1. HP: 10/10 MP: 2/2
    49 | D:1      | Reached skill level 6 in Stealth
    83 | D:1      | Reached XP level 2. HP: 9/14 MP: 3/3
   633 | D:2      | Noticed Natasha
   648 | D:2      | Noticed a crimson imp
   649 | D:2      | Slain by Natasha

Illustrated notes

Levels and vault maps discovered:
D:1:      dpeg_arrival_long_road, layout_rooms,
          nicolae_concentric_dashed_squares_mild
D:2:      layout_basic, st_stairs_2, minmay_misc_feat_room,
          minmay_misc_feat_encased, uniq_sigmund, uniq_robin, uniq_natasha

Skill      XL: |  1 |
---------------+----+-----
Stealth        | 6 |  6.8
Fighting       | |  1.5
Short Blades   | |  2.4
Throwing       | |  2.0
Dodging        | |  1.5

Action                   || total
-------------------------++-------
Melee: Dagger            ||    45
 Stab: Sleeping          ||     8
Armor: Robe              ||     5
Dodge: Dodged            ||    39
